 Dungeon Crawl Stone Soup version 0.28-a0-1286-g6bde065e89 (webtiles) character file.

Game seed: 10860077761204020755

3593 Iscandelvey the Vexing (level 9, -3/59 HPs)
             Began as a Demonspawn Arcane Marksman on Dec 26, 2021.
             Killed from afar by an orc warrior (19 damage)
             ... with a bolt of acid
             ... on level 7 of the Dungeon.
             The game lasted 00:22:04 (8526 turns).

Iscandelvey the Vexing (Demonspawn Arcane Marksman) Turns: 8526, Time: 00:22:05

Health: -3/59      AC:  0    Str: 10    XL:     9   Next: 85%
Magic:  13/18      EV: 14    Int: 19    God:
Gold:   242        SH: 14    Dex: 21    Spells: 12/20 levels left

rFire   . . .      SeeInvis .   v - +7 hunting sling of a bailey {freeze, *Corrode rC+ rN+ Dex+7}
rCold   + + .      Faith    .   r - +0 buckler
rNeg    + . .      Spirit   .   G - +0 leather armour
rPois   .          Reflect  .   (helmet restricted)
rElec   .          Harm     .   (no cloak)
rCorr   .          Rampage  .   (no gloves)
Will    .....                   (no boots)
Stlth   +++.......              (no amulet)
HPRegen 0.19/turn               t - ring of protection from cold
MPRegen 0.16/turn               (no ring)

@: corroded
A: horns 1, large bone plates 3, demonic guardian 2
a: no special abilities


You were on level 7 of the Dungeon.
You visited 1 branch of the dungeon, and saw 7 of its levels.

You collected 302 gold pieces.
You spent 60 gold pieces at shops.

Inventory:

Hand Weapons
 a - a +0 hunting sling
 v - the +7 hunting sling of a bailey (weapon) {freeze, *Corrode rC+ rN+ Dex+7}
   (You found it on level 4 of the Dungeon)

   Any ammunition fired from it freezes those it strikes, dealing additional
   cold damage.
   It can also slow down cold-blooded creatures.
   Dex:       It affects your dexterity (+7).
   rC:        It protects you from cold.
   rN:        It protects you from negative energy.
   *Corrode:  It may corrode you when you take damage.
Missiles
 c - 30 sling bullets
 f - 33 stones (quivered ammo)
 i - 29 poisoned darts
Armour
 d - a +0 robe
 r - a +0 buckler (worn)
 G - a +0 leather armour (worn)
 I - a scarf of harm
Jewellery
 t - a ring of protection from cold (left hand)
 D - an amulet of faith
Wands
 y - a wand of digging (2)
Scrolls
 g - 2 scrolls of vulnerability {unknown}
 h - 2 scrolls of magic mapping {unknown}
 k - 2 scrolls of amnesia {unknown}
 n - 3 scrolls of enchant weapon
 p - a scroll of enchant armour {unknown}
 u - 4 scrolls of teleportation
 w - a scroll of noise {unknown}
 x - a scroll of immolation {unknown}
 C - a scroll of identify
 E - a scroll of fear {unknown}
 F - 2 scrolls of blinking {unknown}
Potions
 b - a potion of magic
 e - a potion of degeneration {unknown}
 j - a potion of cancellation {unknown}
 l - a potion of lignification {unknown}
 m - a potion of ambrosia {unknown}
 o - 2 potions of flight
 q - 3 potions of curing
 z - 2 potions of attraction {unknown}
 A - a potion of invisibility {unknown}
 B - 2 potions of brilliance
 H - a potion of mutation {unknown}


   Skills:
 - Level 1.0 Fighting
 - Level 1.7(3.1) Slings
 + Level 4.0(4.2) Throwing
 + Level 4.1 Armour
 + Level 4.6 Dodging
 + Level 4.4 Stealth
 + Level 3.6 Shields
 * Level 6.3 Spellcasting
 * Level 1.7 Conjurations
 - Level 7.0 Hexes


You had 12 spell levels left.
You knew the following spells:

 Your Spells              Type           Power      Damage    Failure   Level
a - Slow                  Hex            100%       N/A       1%          1
b - Cause Fear            Hex            16%        N/A       8%          4
c - Dazzling Flash        Conj/Hex       44%        N/A       7%          3

Your spell library contained the following spells:

 Spells                   Type           Power      Damage    Failure   Level
 Inner Flame              Hex/Fire       19%        N/A       11%         3
 Portal Projectile        Hex/Tloc       38%        N/A       11%         3
 Silence                  Hex/Air        9%         N/A       67%         5
 Agony                    Necr           6%         N/A       99%         5


Dungeon Overview and Level Annotations

Branches:
Dungeon (7/15)
 Temple: D:4-7

Altars:
Kikubaaqudgha
Yredelemnul

Shops:
D:4 ?

Annotations:
D:6 3 runed translucent doors, Turgor's ghost, novice DsAK


Innate Abilities, Weirdness & Mutations

You have a pair of small horns on your head.
You are completely covered in large bone plates. (SH +8)
A demonic guardian rushes to your aid.


Message History

Your rust devil hits Maggie!
You are no longer entranced.
Maggie dies!
Your Throwing skill increases to level 4!
You swap places.
You see here a +0 scimitar.
Found 7 stones.
f - 24 stones (gained 3)
Things that are here:
a +0 dire flail; +0 steam dragon scales
f - 25 stones (gained 1)
f - 27 stones (gained 2)
You swap places.
Things that are here:
a +0 dire flail; +0 steam dragon scales Your rust devil disappears in a puff of smoke!
You see here a +0 scimitar.
f - 34 stones (gained 7)
You shoot a stone. The stone hits the orc warrior.
The stone freezes the orc warrior.
The orc warrior is lightly wounded.
The orc warrior zaps a wand.
The bolt of acid hits you!! The acid corrodes you!
Casting: Slow (safe; 1% risk of failure)
Confirm with . or Enter, or press ? or * to list all spells.
Casting: Dazzling Flash (dangerous; 7% risk of failure)
Press: ? - help, Dir - look around, f - activate
Casting: Dazzling Flash (dangerous; 7% risk of failure)
Confirm with . or Enter, or press ? or * to list all spells.
Casting: Dazzling Flash (dangerous; 7% risk of failure)
Press: ? - help, Dir - look around, f - activate The orc warrior is dazzled.
The orc warrior zaps a wand.
The bolt of acid misses you.
Things that are here:
14 arrows; a +0 shortbow The orc warrior is no longer blind.
The orc warrior zaps a wand.
The bolt of acid misses you.
The orc warrior throws a stone.
The stone hits you!
* * * LOW HITPOINT WARNING * * *
The orc warrior zaps a wand.
The bolt of acid hits you!!
You die...

###.##
#.##.#.###.##)
# #....#
#.##....##....
## #.##.##
#....#.......)
P# #. #..#
#....#######..
P## # ##.#
#....# ####..
P.## #..#
#.#### #.....
..P# #..# #.#
#.#### ...#
#..### #.# #
^^.#
##..@###.#
.###
#.......####
..^#
#....#..#..
..##
#.......#.#
.)#
#...##(.#(#
###
#...##.o..#
..#
#....#...##
.##
#...#.#...# .#
#... .#.((#


You could see an orc warrior.

Vanquished Creatures
  Pikel (D:4)
  Grinder (D:6)
  Sigmund (D:5)
  Eustachio (D:6)
  Edmund (D:5)
  Duvessa (D:7)
  An ogre (D:5)
  A black bear (D:6)
  2 centaurs
  A lemure (D:5)
  Blork the orc (D:5)
  A bullfrog (D:7)
  5 scorpions
  A water moccasin zombie (D:5)
  Dowan (D:7)
  5 wights (D:6)
  A howler monkey (D:5)
  3 centaur zombies (D:6)
  A bullfrog zombie (D:6)
  A centaur skeleton (D:5)
  An orc priest (D:6)
  2 hounds (D:4)
  A bullfrog skeleton (D:5)
  Ijyb (D:5)
  4 iguanas
  5 orc wizards
  2 scorpion zombies
  A hound skeleton (D:4)
  2 howler monkey zombies (D:6)
  10 adders
  A shadow imp (D:5)
  An ufetubus (D:6)
  2 adder skeletons (D:4)
  A dart slug (D:5)
  8 orcs
  4 ball pythons
  7 endoplasms
  3 giant cockroaches
  9 goblins
  5 hobgoblins
  6 kobolds
  2 quokkas
  9 bats
  3 frilled lizards
  A quokka skeleton (D:4)
  2 rats
124 creatures vanquished.

Vanquished Creatures (collateral kills)
  Maggie (D:7)
  An ogre (D:3)
  A phantom (D:4)
  3 wights (D:6)
  An orc wizard (D:6)
  An orc (D:6)
  A giant cockroach (D:2)
9 creatures vanquished.

Grand Total: 133 creatures vanquished

Notes
Turn   | Place    | Note
-------+----------+-------------------------------------------
     0 | D:1      | Iscandelvey the Demonspawn Arcane Marksman began the quest
                  | for the Orb.
     0 | D:1      | Reached XP level 1. HP: 15/15 MP: 2/2
   221 | D:1      | Gained mutation: A weak demonic guardian rushes to your
                  | aid. [demonic ancestry]
   221 | D:1      | Reached XP level 2. HP: 21/21 MP: 4/4
   815 | D:2      | Found an ancient bone altar of Kikubaaqudgha.
   833 | D:2      | Found a faded altar of an unknown god.
   836 | D:2      | Noticed a golden eye
   839 | D:2      | Noticed a great orb of eyes
   839 | D:2      | Noticed a floating eye
   839 | D:2      | Noticed a shining eye
   961 | D:2      | Reached XP level 3. HP: 19/26 MP: 5/5
  2134 | D:3      | Noticed an ogre
  2172 | D:3      | Killed an ogre
  2173 | D:3      | Reached skill level 1 in Throwing
  2173 | D:3      | Reached skill level 1 in Armour
  2173 | D:3      | Reached skill level 1 in Stealth
  2173 | D:3      | Gained mutation: A demonic guardian rushes to your aid.
                  | [demonic ancestry]
  2173 | D:3      | Reached XP level 4. HP: 21/32 MP: 3/7
  2173 | D:3      | Gained mutation: You are partially covered in large bone
                  | plates. (SH +4) [demonic ancestry]
  2173 | D:3      | Reached XP level 5. HP: 24/37 MP: 3/8
  2965 | D:3      | Learned a level 4 spell: Cause Fear
  3047 | D:4      | Reached skill level 4 in Hexes
  3361 | D:4      | Found Qiraycell's Magic Scroll Emporium.
  3386 | D:4      | Bought a scroll of teleportation for 36 gold pieces
  3386 | D:4      | Bought a scroll of identify for 24 gold pieces
  3522 | D:4      | Noticed a phantom
  3538 | D:4      | Killed a phantom
  3539 | D:4      | Reached XP level 6. HP: 27/43 MP: 7/10
  3737 | D:4      | Identified the +7 hunting sling of a bailey {freeze,
                  | *Corrode rC+ rN+ Dex+7}
  4109 | D:5      | Entered Level 5 of the Dungeon
  4112 | D:5      | Noticed Pikel
  4128 | D:4      | Killed Pikel
  4129 | D:4      | Reached skill level 1 in Shields
  4129 | D:4      | Reached skill level 5 in Hexes
  4129 | D:4      | Gained mutation: You have a pair of small horns on your
                  | head. [demonic ancestry]
  4129 | D:4      | Reached XP level 7. HP: 16/48 MP: 10/13
  4453 | D:5      | Learned a level 3 spell: Dazzling Flash
  4457 | D:5      | Noticed Blork the orc
  4461 | D:5      | Noticed Edmund
  4464 | D:5      | Noticed Sigmund
  4702 | D:5      | Gained mutation: You are mostly covered in large bone
                  | plates. (SH +6) [demonic ancestry]
  4702 | D:5      | Reached XP level 8. HP: 54/54 MP: 14/14
  4783 | D:5      | Noticed Ijyb
  4790 | D:5      | Killed Ijyb
  4852 | D:5      | Killed Edmund
  5191 | D:5      | Killed Sigmund
  5251 | D:5      | Killed Blork the orc
  5483 | D:5      | Reached skill level 6 in Hexes
  5590 | D:5      | Reached skill level 5 in Spellcasting
  5962 | D:6      | Noticed Eustachio
  5973 | D:6      | Killed Eustachio
  6001 | D:6      | Gained mutation: You are completely covered in large bone
                  | plates. (SH +8) [demonic ancestry]
  6001 | D:6      | Reached XP level 9. HP: 56/59 MP: 16/16
  7247 | D:6      | Found a runed translucent gate.
  7247 | D:6      | Found a runed translucent gate.
  7247 | D:6      | Found a runed translucent gate.
  7247 | D:6      | Noticed Turgor's ghost (novice DsAK)
  7570 | D:6      | Noticed Grinder
  7592 | D:6      | Paralysed by Grinder for 4 turns
  7602 | D:6      | Killed Grinder
  7909 | D:6      | Found a basalt altar of Yredelemnul.
  7928 | D:6      | Reached skill level 7 in Hexes
  8305 | D:7      | Noticed Duvessa
  8305 | D:7      | Noticed Dowan
  8341 | D:7      | Killed Duvessa
  8342 | D:7      | Reached skill level 1 in Conjurations
  8342 | D:7      | Killed Dowan
  8419 | D:7      | Noticed Maggie
  8431 | D:7      | Killed Maggie
  8526 | D:7      | Killed from afar by an orc warrior

Illustrated notes

Levels and vault maps discovered:
D:1:      minmay_arrival_radiant_lines, layout_rooms, kennysheep_another_room
D:2:      layout_loops_cross, basic_altar,
          hellmonk_ecumenical_altar_watching_god, minmay_quadrilaterals
D:3:      layout_loops_ring
D:4:      layout_loops_ring, serial_shops, nicolae_shop_waterfront
D:5:      layout_basic, uniq_blork_the_orc, uniq_sigmund, uniq_pikel, uniq_ijyb,
          uniq_edmund
D:6:      hellmonk_crumbling_castle, layout_loops_corners,
          nicolae_yredelemnul_ghost_church, uniq_eustachio, uniq_grinder
D:7:      old_forge, layout_basic, minmay_temple_entry_antechambers,
          uniq_duvessa, uniq_maggie

Skill      XL: |  1  2  3  4  5  6  7  8  9 |
---------------+----------------------------+-----
Dodging        | 2 3 4 |  4.6
Spellcasting   | 2 3 4 5 6 |  6.3
Throwing       | 1 2 3 4 |  4.0
Armour         | 1 2 3 4 |  4.1
Stealth        | 1 2 3 4 |  4.4
Hexes          | 4 5 6 7 |  7.0
Shields        | 1 2 3 |  3.6
Conjurations   | 1 |  1.7
Fighting       | |  1.0
Slings         | |  1.7

Action                   |  1- 3 |  4- 6 |  7- 9 || total
-------------------------+-------+-------+-------++-------
Melee: Hunting sling     |       |       |     2 ||     2
 Fire: Hunting sling     |   126 |   148 |   305 ||   579
 Cast: Slow              |     6 |     8 |    20 ||    34
       Cause Fear        |       |       |     5 ||     5
       Dazzling Flash    |       |       |     2 ||     2
  Use: Scroll            |       |     3 |     2 ||     5
       Potion            |       |       |     2 ||     2
Armor: Robe              |     7 |     3 |     9 ||    19
       Leather armour    |       |       |     4 ||     4
Dodge: Dodged            |    14 |    29 |    69 ||   112
Block: Other             |       |     9 |    22 ||    31
       Buckler           |       |       |    19 ||    19

Table legend: (Time is in decaauts)
 A = Elapsed time spent in this place.
 B = Non-inter-level travel time spent in this place.
 C = Inter-level travel time spent in this place.
 D = Time resting spent in this place.
 E = Time spent auto-exploring this place.
 F = Levels seen in this place.
 G = Mean time per level.
                   A        B        C        D        E       F      G
               +--------+--------+--------+--------+--------+-----+--------+
         Total |   8577 |   8136 |    441 |   1571 |   5103 |   7 | 1225.3 |
       Dungeon |   8577 |   8136 |    441 |   1571 |   5103 |   7 | 1225.3 |
               +--------+--------+--------+--------+--------+-----+--------+

Top non-repeatable levels by time:
     D:6: 2046 daAuts
     D:4: 1478 daAuts
     D:5: 1314 daAuts
     D:3: 1284 daAuts
     D:2: 1129 daAuts
     D:7: 704 daAuts
     D:1: 620 daAuts
